 Dungeon Crawl Stone Soup version 0.19-a0-994-g3c636f0 (webtiles) character file.

228 matakusis the Ducker (level 5, -3/41 HPs)
             Began as a Demonspawn Gladiator on July 17, 2016.
             Slain by a hound (4 damage)
             ... on level 4 of the Dungeon.
             The game lasted 00:10:37 (4113 turns).

matakusis the Ducker (Demonspawn Gladiator)         Turns: 4113, Time: 00:10:37

Health: -3/41      AC:  4    Str: 15    XL:     5   Next: 70%
Magic:  0/6        EV: 13    Int: 10    God:
Gold:   185        SH:  0    Dex: 14    Spells: 0 memorised, 6 levels left

rFire  . . .     SeeInvis .     (no weapon)
rCold  . . .     Gourm    .     b - +1 leather armour
rNeg   . . .     Faith    .     (no shield)
rPois  .         Spirit   +     (helmet restricted)
rElec  .         Dismiss  .     (no cloak)
rCorr  .         Reflect  .     (no gloves)
SustAt .         Harm     .     (no boots)
MR     .....                    (no amulet)
Stlth  +.........               (no ring)
                                i - ring of wizardry

@: heavily drained, not resistant to hostile enchantments, very unstealthy
A: antennae 1, claws 1, hooves 1, mutation resistance 2, sense surroundings 1,
magic shield, rot immunity
a: no special abilities


You were on level 4 of the Dungeon.
You were hungry.

You visited 1 branch of the dungeon, and saw 4 of its levels.

You collected 185 gold pieces.

Inventory:

Missiles
 d - 3 throwing nets (quivered)
Armour
 b - a +1 leather armour (worn)
 r - the +0 robe "Ohiythiq" {*Drain MR+++ Str-5 Stlth+}
   (You found it on level 4 of the Dungeon)

   It affects your strength (-5).
   It affects your resistance to hostile enchantments.
   It causes draining when unequipped.
   It makes you more stealthy.
Jewellery
 i - a ring of wizardry (left claw)
Wands
 k - a wand of paralysis (1/24)
Scrolls
 l - a scroll of remove curse
 m - 3 scrolls of enchant armour
 n - 2 scrolls of enchant weapon
 p - a scroll of recharging {unknown}
 s - 2 scrolls of identify
Potions
 e - a potion of magic
 j - 2 potions of resistance
 o - 2 potions of curing
 q - a potion of might
Comestibles
 a - 2 fruits
 c - 2 meat rations
 f - 2 bread rations
 g - 2 beef jerkies
 h - a slice of pizza
 t - 2 chunks of flesh


   Skills:
 * Level 3.4(1.9) Fighting
   Level 3.3(1.8) Long Blades
 - Level 1.7(0.3) Throwing
 * Level 4.3(2.8) Dodging
 * Level 1.2(0.0) Unarmed Combat
 * Level 1.0(0.0) Spellcasting


You had 6 spell levels left.
You didn't know any spells.

Dungeon Overview and Level Annotations

Branches:
Dungeon (4/15)
 Temple: D:4-7

Altars:
Gozag
Okawaru
Vehumet


Innate Abilities, Weirdness & Mutations

You have sharp fingernails.
You have large cloven feet.
When hurt, damage is shared between your health and your magic reserves.
You are immune to rotting.
You have a pair of small antennae on your head.
You are somewhat resistant to both further mutation and mutation removal.
You passively map a small area around you.


Message History

The hound bites you.
* * * LOW HITPOINT WARNING * * *
You scratch the hound but do no damage. Your kick misses the hound.
The hound is severely wounded.
The hound bites you. The hound barely misses you.
You scratch the hound. You kick the hound, but do no damage.
The hound is severely wounded.
The hound bites you.
* * * LOW HITPOINT WARNING * * *
You scratch the hound but do no damage. Your kick misses the hound.
The hound is severely wounded.
The hound closely misses you. The hound bites you but does no damage.
You are feeling hungry.
You scratch the hound. You kick the hound, but do no damage.
The hound is almost dead.
The hound closely misses you.
You scratch the hound. Your kick misses the hound.
The hound is almost dead.
The hound barely misses you. The hound bites you.
You die...

# *### ##### .. ..#
##...## #.##.#
##.....####
#.#.###.....?...#
###..##........$.#######
#..............h@.......
#.#..##..........#######
...#.###.......#.# ,
..(..# #......##.#
#.#### #.#...###.# * *
#.## #.....# ... ...##
####.## #.# ###.## #.#
._., #..# #+# *#.#


You could see a hound.

Vanquished Creatures
  An orc wizard (D:3)
  Ijyb (D:3)
  2 worker ants (D:4)
  6 adders
  A worm (D:2)
  2 dart slugs
  3 giant geckos
  4 orcs (D:3)
  7 bats
  4 giant cockroaches
  9 goblins
  4 hobgoblins
  3 ball pythons
  2 giant newts
  7 kobolds
  7 rats
63 creatures vanquished.

Notes
Turn   | Place    | Note
-------+----------+-------------------------------------------
     0 | D:1      | matakusis the Demonspawn Gladiator began the quest for the Orb.
     0 | D:1      | Reached XP level 1. HP: 16/16 MP: 1/1
   237 | D:1      | Reached skill level 3 in Dodging
   237 | D:1      | Gained mutation: You are immune to rotting. [demonic ancestry]
   237 | D:1      | Reached XP level 2. HP: 20/22 MP: 2/2
   810 | D:2      | Gained mutation: When hurt, damage is shared between your health and your magic reserves. [demonic ancestry]
   810 | D:2      | Reached XP level 3. HP: 23/28 MP: 3/3
  1679 | D:2      | Gained mutation: You have sharp fingernails. [demonic ancestry]
  1679 | D:2      | Reached XP level 4. HP: 34/34 MP: 4/4
  2320 | D:3      | Found an iron altar of Okawaru.
  2522 | D:3      | Found a radiant altar of Vehumet.
  2543 | D:3      | Gained mutation: You are somewhat resistant to further mutation. [potion of mutation]
  2567 | D:3      | Reached skill level 4 in Dodging
  2574 | D:3      | Gained mutation: You passively map a small area around you. [potion of mutation]
  2574 | D:3      | Gained mutation: You have a pair of small antennae on your head. [potion of mutation]
  2574 | D:3      | Gained mutation: You are somewhat resistant to both further mutation and mutation removal. [potion of mutation]
  2771 | D:3      | Noticed Ijyb
  2790 | D:3      | Paralysed by Ijyb for 7 turns
  2808 | D:3      | Killed Ijyb
  2808 | D:3      | Gained mutation: You have large cloven feet. [demonic ancestry]
  2808 | D:3      | Reached XP level 5. HP: 39/41 MP: 6/6
  2838 | D:3      | Reached skill level 1 in Unarmed Combat
  3658 | D:4      | Reached skill level 1 in Spellcasting
  3670 | D:4      | Got an ominously black robe
  3823 | D:4      | Identified the cursed +0 robe "Ohiythiq" {*Drain MR+++ Str-5 Stlth+} (You found it on level 4 of the Dungeon)
  4007 | D:4      | Found an opulent altar of Gozag.
  4110 | D:4      | HP: 1/41 [hound (3)]
  4113 | D:4      | Slain by a hound

Vault maps used:
D:1:      dpeg_arrival_short_road
D:2:      first_bread, minmay_tetromino_s2
D:3:      overflow_temple_1_default, nicolae_overflow_hidden_temple,
          serial_co_window_serial, co_window_paths_b, co_window_paths_b,
          co_window_paths_a, co_window_paths_a, co_window_paths_a,
          co_window_corner_a, co_window_corner_a, co_window_paths_b,
          co_window_of_opportunity_a, co_window_2corner, co_window_2corner,
          co_window_of_opportunity_c, co_window_unsneaky_path_e,
          co_window_corner_b, co_window_unsneaky_path_c, co_window_paths_d,
          glass_columns_c, uniq_iyjb
D:4:      nicolae_gozag_cash_rules_everything_around_me

Skill      XL: |  1  2  3  4  5 |
---------------+----------------+-----
Dodging        | 3 4 |  4.3
Long Blades    | 3 |  3.3
Fighting       | 3 |  3.4
Unarmed Combat | 1 |  1.2
Spellcasting   | 1 |  1.0
Throwing       | |  1.7

Action                   |  1- 3 |  4- 6 || total
-------------------------+-------+-------++-------
Melee: Long sword        |   131 |    17 ||   148
       Unarmed           |       |   186 ||   186
       Kick              |       |    22 ||    22
  Use: Scroll            |       |    10 ||    10
       Potion            |       |     5 ||     5
 Stab: Sleeping          |     2 |     1 ||     3
  Eat: Chunk             |     3 |     7 ||    10
Armor: Leather armour    |    29 |    47 ||    76
Dodge: Dodged            |    96 |   155 ||   251
